 Dungeon Crawl Stone Soup version 0.18.1-6-gd335043 (webtiles) character file.

28 ololoev the Slasher (level 2, 14/25 HPs)
             Began as a Centaur Gladiator on May 16, 2016.
             Quit the game on level 2 of the Abyss.
             The game lasted 00:01:24 (834 turns).

ololoev the Slasher (Centaur Gladiator)              Turns: 834, Time: 00:01:24

Health: 14/25      AC:  4    Str: 17    XL:     2   Next: 96%
Magic:  2/2        EV:  9    Int:  7    God:
Gold:   31         SH:  0    Dex:  9    Spells: 0 memorised, 1 level left

rFire  . . .     SeeInvis .     a - +0 long sword
rCold  . . .     Gourm    .     b - +0 leather armour
rNeg   . . .     Faith    .     (no shield)
rPois  .         Spirit   .     (no helmet)
rElec  .         Dismiss  .     (no cloak)
rCorr  .         Reflect  .     (no gloves)
SustAt .         Harm     .     (no barding)
MR     +....                    (no amulet)
Stlth  ..........               (no ring)
                                o - ring of protection from magic

@: very quick, somewhat resistant to hostile enchantments, extremely unstealthy
A: hooves 3, deformed body, speed 2, tough skin 3
a: no special abilities


Innate Abilities, Weirdness & Mutations

You have hooves in place of feet.
Armour fits poorly on your strangely shaped body.
You cover ground very quickly.
You have extremely tough skin (AC +3).

Inventory:

Hand Weapons
 a - a +0 long sword (weapon)
Missiles
 d - 3 throwing nets (quivered)
Armour
 b - a +0 leather armour (worn)
 c - a +0 helmet
 i - a +0 helmet
Jewellery
 o - a ring of protection from magic (left hand)
Scrolls
 e - 2 scrolls of teleportation {unknown}
 h - a scroll of random uselessness {unknown}
 l - a scroll of noise {unknown}
 n - a scroll of enchant armour {unknown}
Potions
 g - a potion of brilliance {unknown}
 m - a potion of haste {unknown}
Comestibles
 f - a bread ration
 j - a beef jerky
 k - 2 meat rations


   Skills:
 + Level 2.3 Fighting
 * Level 3.2 Long Blades
 + Level 2.5 Throwing
 + Level 0.4 Armour
 - Level 2.1 Dodging


You had one spell level left.
You didn't know any spells.


You were on level 2 of the Abyss.
You were not hungry.

You visited 1 branch of the dungeon, and saw 2 of its levels.
You visited the Abyss 1 time.

You collected 31 gold pieces.

. . ∩
....###
.......#####
. .......@#
.......###.#
..... #...
.......
._#... ..
.... #.#...#
....... #..
..# ... ...
#.. #... ..
.... ..# ..#

Notes
Turn   | Place    | Note
--------------------------------------------------------------
     0 | D:1      | ololoev the Centaur Gladiator began the quest for the Orb.
     0 | D:1      | Reached XP level 1. HP: 17/17 MP: 1/1
   263 | D:1      | Reached XP level 2. HP: 23/24 MP: 2/2
   616 | D:1      | Reached skill level 3 in Long Blades
   828 | D:2      | Cast into level 2 of the Abyss (gnoll)
   830 | Abyss:2  | Found a corrupted altar of Lugonu.
   834 | Abyss:2  | Quit the game

Dungeon Overview and Level Annotations

Branches:
Dungeon (2/15)

Altars:


Message History

A rat is nearby!
A goblin comes into view.
The goblin shouts!
You hit the rat.
You kill the rat!
You see here a rat corpse.
You closely miss the goblin. The goblin hits you.
You barely miss the goblin. Your kick misses the goblin.
The goblin closely misses you.
You barely miss the goblin. The goblin hits you but does no damage.
You closely miss the goblin. Your kick misses the goblin.
The goblin closely misses you. x2
You closely miss the goblin. You kick the goblin.
The goblin is severely wounded.
The goblin closely misses you.
You barely miss the goblin. You kick the goblin.
You kill the goblin!
No target in view!
No target in view!
No target in view!
No target in view!
n - a scroll labeled DIUG YLOASU ODO A giant cockroach comes into view.
A giant cockroach is nearby!
A giant cockroach is nearby!
A giant cockroach is nearby!
You hit the giant cockroach but do no damage.
You kick the giant cockroach.
The giant cockroach is moderately wounded.
The giant cockroach bites you but does no damage.
The giant cockroach closely misses you.
You hit the giant cockroach.
You kick the giant cockroach, but do no damage.
The giant cockroach is severely wounded.
The giant cockroach closely misses you.
You closely miss the giant cockroach.
The giant cockroach is severely wounded.
The giant cockroach bites you but does no damage.
The giant cockroach closely misses you.
You slash the giant cockroach!
You kill the giant cockroach!
No target in view!
No target in view!
No target in view!
No target in view!
No target in view!
No target in view!
No target in view!
No target in view!
No target in view!
No target in view!
Found an escape hatch in the floor.
A gnoll comes into view. It is wielding a whip.
The gnoll shouts!
A gnoll is nearby!
A gnoll is nearby!
A gnoll is nearby!
A gnoll comes into view. It is wielding a halberd of distortion.
An adder comes into view.
An adder comes into view.
A hobgoblin and a gnoll come into view.
The gnoll shouts!
The hobgoblin shouts!
The gnoll moves out of view.
The gnoll hits you with a whip.
Found 14 gold pieces and an onyx ring.
Found a stone staircase leading down.
You hit the gnoll.
The gnoll is lightly wounded.
The gnoll hits you with a whip.
You hit the gnoll.
The gnoll is heavily wounded.
The gnoll hits you with a whip. The gnoll hits you but does no damage.
You are cast into the Abyss!
To return, you must find a gate leading back.
Killing monsters will force the Abyss to allow you passage.
This branch contains the abyssal rune of Zot.
Found a scratched gilded ring.
Found a corrupted altar of Lugonu.
o - a scratched gilded ring Put on which piece of jewellery? (? for menu, Esc to quit)
o - a ring of protection from magic (left hand) Are you sure you want to abandon this character and quit the game? (Confirm with "yes".)

There were no monsters in sight!

Vanquished Creatures
  2 dart slugs
  A giant gecko (D:1)
  A ball python (D:2)
  2 giant cockroaches (D:2)
  2 goblins
  2 hobgoblins (D:1)
  6 bats (D:1)
  2 giant newts (D:1)
  2 rats
20 creatures vanquished.

Action                   || total
-------------------------++-------
Melee: Long sword        ||    62
       Kick              ||    10
Armor: Leather armour    ||    33
Dodge: Dodged            ||    37

Vault maps used:
D:1:      dpeg_arrival_central
D:2:      nicolae_gozag_seed_capital
